Match 37049868
Unlisted
Match 37049868
End
Pioneer Squad
Construct Infanterie Kompanie
Selects Mechanized Battlegroup
Grenadier Squad
Grenadier Squad
Grenadier Squad
Construct Luftwaffe Kompanie
Medical Bunker
221 Scout Car
Selects Raid Package
Jäger Squad
Selects Spotting Scopes
221 Scout Car
Support Elements
Selects StuG Assault Group
Pioneer Squad
Wirbelwind Flakpanzer
StuG Assault Group
Selects Wespe Self-propelled Artillery
Wespe Self-propelled Artillery
Pioneer Squad
StuG Assault Group
Pioneer Squad
Selects Mechanized Assault
Selects Panther Heavy Tank
Marder III M Tank Destroyer
Friya
ssume
0
0
Comments sign in to comment!
No comments posted yet!